 Dungeon Crawl Stone Soup version 0.21.1-1-g345015fe64 (webtiles) character file.

15234 P0ring the Cleaver (level 11, 0/157 HPs)
             Began as a Minotaur Berserker on Apr 16, 2018.
             Was a High Priest of Trog.
             Slain by an ice devil (14 damage)
             ... summoned by an orc sorcerer
             ... while paralysed by an orc sorcerer
             ... on level 10 of the Dungeon on Apr 17, 2018.
             The game lasted 00:45:25 (10350 turns).

P0ring the Cleaver (Minotaur Berserker)            Turns: 10350, Time: 00:45:26

Health: 0/157      AC:  9    Str: 35    XL:     11   Next: 99%
Magic:  3/3        EV:  2    Int:  4    God:    Trog [*****.]
Gold:   614        SH:  0    Dex: 11    Spells: 10/10 levels left

rFire    . . .     SeeInvis .   T - +3 broad axe (antimagic)
rCold    . . .     Gourm    .   r - +1 shield
rNeg     . . .     Faith    .   I - +3 leather armour {rPois}
rPois    +         Spirit   .   (helmet restricted)
rElec    .         Reflect  .   (no cloak)
rCorr    .         Harm     .   S - +0 pair of gloves
MR       .....                  (no boots)
Stlth    ..........             (no amulet)
HPRegen  0.36/turn              j - +3 ring of evasion
MPRegen  0.08/turn              F - +6 ring of strength

@: paralysed, berserking
A: retaliatory headbutt, horns 2
a: Berserk, Trog's Hand, Brothers in Arms, Burn Spellbooks, Renounce Religion


You were on level 10 of the Dungeon.
You worshipped Trog.
Trog was extremely pleased with you.
You were hungry.

You visited 1 branch of the dungeon, and saw 10 of its levels.

You collected 784 gold pieces.
You spent 170 gold pieces at shops.

Inventory:

Hand Weapons
 b - a +3 antimagic halberd
 D - a +0 shortbow
 L - a +4 shortbow
 T - a +3 antimagic broad axe (weapon)
Missiles
 a - 6 exploding tomahawks (quivered)
 B - 149 arrows
Armour
 r - a +1 shield (worn)
 I - a +3 leather armour of poison resistance (worn)
 S - a +0 pair of gloves (worn)
Jewellery
 f - an uncursed amulet of faith {unknown}
 j - a +3 ring of evasion (left hand)
 l - an uncursed ring of fire
 F - a +6 ring of strength (right hand)
 H - an uncursed ring of poison resistance
 Q - an uncursed ring of ice {unknown}
 U - an uncursed ring of protection from magic {unknown}
 V - a cursed amulet of inaccuracy {unknown}
 W - an uncursed ring of resist corrosion {unknown}
Wands
 h - a wand of paralysis (13)
 C - a wand of iceblast (9)
 O - a wand of enslavement (13)
 R - a wand of disintegration (6)
 Y - a wand of acid (15)
Scrolls
 e - 2 scrolls of enchant weapon
 i - 8 scrolls of remove curse
 m - a scroll of torment {unknown}
 n - 2 scrolls of blinking
 o - 7 scrolls of teleportation
 p - 2 scrolls of magic mapping {unknown}
 t - 2 scrolls of noise
 y - a scroll of fog
 P - a scroll of fear {unknown}
 Z - a scroll of enchant armour
Potions
 d - 3 potions of ambrosia
 g - 2 potions of flight {unknown}
 k - 5 potions of curing
 q - a potion of resistance {unknown}
 A - a potion of heal wounds {unknown}
 E - 2 potions of magic
 J - a potion of haste {unknown}
 M - 2 potions of brilliance
 X - a potion of agility {unknown}
Comestibles
 c - 20 rations


   Skills:
 + Level 12.6 Fighting
 + Level 12.7 Axes
 + Level 12.4 Armour
 + Level 8.8 Dodging


You had 10 spell levels left.
You didn't know any spells.

Dungeon Overview and Level Annotations

Branches:
Dungeon (10/15)            Temple (0/1) D:7            Lair (0/6) D:8
    Orc (0/2) D:10

Altars:
Ashenzari
Fedhas
Gozag
Hepliaklqana
Kikubaaqudgha
Makhleb
Okawaru
Sif Muna
Uskayaw
Xom
The Shining One
Beogh

Shops:
D:4 =   D:6 [


Innate Abilities, Weirdness & Mutations

You reflexively headbutt those who attack you in melee.
You have a pair of horns on your head.


Message History

The ice devil hits you. The ice devil freezes you!!
The orange demon stings you from afar. The sun demon hits you!!
You are engulfed in flames!
The goblin zombie hits you but does no damage.
The orc sorcerer hits you but does no damage.
The orange demon stings you from afar. The ice devil hits you.
The ice devil freezes you! The sun demon hits you!
* * * LOW HITPOINT WARNING * * *
You are engulfed in flames!
* * * LOW HITPOINT WARNING * * *
The ogre zombie hits you.
* * * LOW HITPOINT WARNING * * *
The goblin zombie hits you but does no damage.
The orc sorcerer shouts, "You can't withstand my power!"
The orc sorcerer hits you but does no damage.
The sun demon hits you but does no damage.
The ice devil hits you!
* * * LOW HITPOINT WARNING * * *
The ice devil freezes you!
You die...

..###########...##.....
#.............##...###.
#.......#............
#...?......########.
#........##########.
#................... .
#........###........
.ZZZ#ZZ4..>#.#
#........
.ZZ.s4o@...#.#
#........
.oZZZZ3Z...#.#
#######..
>oZZ8ZZZ#####.# ##..


...ZZZZZ. ########... ...Z.o##. ........... ....(# # #####...## .... #..#### ...
#.##### ###.###.. You could see a sun demon, an orange demon, an ice devil, an
orc sorcerer, a scorpion, 3 orcs, 4 goblin zombies, a hobgoblin zombie, 9 orc
zombies, 7 ogre zombies, a troll zombie and an orc skeleton.

Vanquished Creatures
  A fire giant (D:9)
  A centaur warrior (D:8)
  4 two-headed ogres
  A flayed ghost (D:9)
  The ghost of raetorn the Shield-Bearer, a novice FoFi (D:4)
  A cyclops (D:8)
  A gargoyle (D:10)
  A dream sheep (shapeshifter) (D:9)
  10 yaks (D:8)
  4 hogs (D:8)
  A human (D:8)
  3 hungry ghosts
  Menkaure (D:7)
  3 porcupines (D:8)
  A water moccasin (D:9)
  9 orc warriors
  3 sky beasts
  2 black bears
  4 ice beasts
  8 ogres
  2 phantoms
  6 centaurs
  3 crocodiles (D:8)
  A big kobold (D:7)
  4 bullfrogs
  2 gnoll sergeants (D:9)
  3 scorpions
  6 wights (D:9)
  3 howler monkeys (D:9)
  3 electric eels (D:8)
  A crimson imp (D:7)
  A bullfrog zombie (D:10)
  12 orc priests
  6 hounds
  A jelly (D:9)
  A bullfrog skeleton (D:7)
  A centaur skeleton (D:4)
  An iguana (D:8)
  14 orc wizards
  5 worker ants
  A hound skeleton (D:6)
  16 gnolls
  9 adders
  4 shadow imps
  2 oozes
  4 adder zombies
  3 adder skeletons
  3 worms
  A dart slug (D:4)
  6 leopard geckos
  62 orcs
  A ball python (D:7)
  7 giant cockroaches
  6 goblins
  10 hobgoblins
  3 jackals (D:5)
  5 quokkas
  9 bats
  6 frilled lizards
  A hobgoblin skeleton (D:10)
  A hobgoblin zombie (D:10)
  9 kobolds
  An orc skeleton (D:10)
  An orc zombie (D:10)
  A quokka skeleton (D:3)
  7 rats
315 creatures vanquished.

Vanquished Creatures (others)
  3 bushes (D:8)
  9 fungi (D:8)
  12 plants (D:8)
24 creatures vanquished.

Grand Total: 339 creatures vanquished

Notes
Turn   | Place    | Note
-------+----------+-------------------------------------------
     0 | D:1      | P0ring the Minotaur Berserker began the quest for the Orb.
     0 | D:1      | Reached XP level 1. HP: 19/19 MP: 0/0
   160 | D:1      | Reached XP level 2. HP: 21/27 MP: 1/1
   629 | D:1      | Reached XP level 3. HP: 20/33 MP: 2/2
  1027 | D:2      | Reached ** piety under Trog
  1235 | D:2      | Found an iron altar of Okawaru.
  1242 | D:2      | Reached XP level 4. HP: 40/41 MP: 3/3
  1276 | D:2      | Found a shimmering altar of Xom.
  1510 | D:3      | Found a blossoming altar of Fedhas.
  1677 | D:3      | Noticed an ogre
  1691 | D:3      | Killed an ogre
  1691 | D:3      | Reached skill level 5 in Fighting
  1691 | D:3      | Reached skill level 5 in Axes
  1691 | D:3      | Reached XP level 5. HP: 48/48 MP: 4/4
  1850 | D:3      | Reached *** piety under Trog
  1852 | D:3      | Reached XP level 6. HP: 56/56 MP: 5/5
  2055 | D:3      | Reached skill level 5 in Armour
  2340 | D:4      | Found Joavaawn's Jewellery Shoppe.
  2540 | D:4      | Found a deep blue altar of Sif Muna.
  2637 | D:4      | Found a sand-covered staircase.
  2747 | D:4      | Noticed raetorn's ghost (novice FoFi)
  2767 | D:4      | Killed raetorn's ghost
  2767 | D:4      | Reached XP level 7. HP: 26/66 MP: 6/6
  3148 | D:4      | Found a burning altar of Makhleb.
  3148 | D:4      | Noticed a cacodemon
  3151 | D:4      | Noticed an orange demon
  3151 | D:4      | Noticed an orange demon
  3418 | D:5      | Entered Level 5 of the Dungeon
  3418 | D:5      | Noticed a hand axe
  3428 | D:5      | Reached XP level 8. HP: 63/73 MP: 7/7
  3450 | D:5      | Noticed a dagger
  3774 | D:5      | Found a hide-covered altar of Uskayaw.
  3783 | D:5      | Found a shattered altar of Ashenzari.
  4336 | D:6      | Reached **** piety under Trog
  4521 | D:6      | Found a shimmering altar of Xom.
  4702 | D:6      | Found Mamiux's Antique Armour Shoppe.
  4758 | D:6      | Bought a glowing leather armour for 170 gold pieces
  4899 | D:6      | Reached XP level 9. HP: 28/82 MP: 8/8
  5304 | D:7      | Found a hazy altar of Hepliaklqana.
  5310 | D:7      | Found a glowing golden altar of the Shining One.
  5439 | D:7      | Reached ***** piety under Trog
  5488 | D:7      | Found a staircase to the Ecumenical Temple.
  5525 | D:7      | Noticed Menkaure
  5530 | D:7      | Killed Menkaure
  5752 | D:7      | Found an opulent altar of Gozag.
  5889 | D:8      | Reached skill level 10 in Axes
  6156 | D:8      | Noticed a two-headed ogre
  6158 | D:8      | Noticed a centaur warrior
  6160 | D:8      | Reached skill level 10 in Fighting
  6165 | D:8      | Killed a two-headed ogre
  6165 | D:8      | Reached skill level 10 in Armour
  6165 | D:8      | Reached XP level 10. HP: 82/93 MP: 9/9
  6168 | D:8      | Killed a centaur warrior
  6168 | D:8      | Reached skill level 5 in Dodging
  6171 | D:8      | Noticed a cyclops
  6177 | D:8      | Killed a cyclops
  6778 | D:8      | Received a gift from Trog
  7472 | D:8      | Found a staircase to the Lair.
  7515 | D:8      | Reached XP level 11. HP: 102/102 MP: 10/10
  7876 | D:8      | Received a gift from Trog
  7907 | D:8      | Found a roughly hewn altar of Beogh.
  8407 | D:9      | Noticed a two-headed ogre
  8412 | D:9      | Killed a two-headed ogre
  8720 | D:9      | Found an ancient bone altar of Kikubaaqudgha.
  8874 | D:9      | Found a runed door.
  8892 | D:9      | Noticed a two-headed ogre
  8899 | D:9      | Killed a two-headed ogre
  9045 | D:9      | Noticed a flayed ghost
  9049 | D:9      | Noticed a fire giant
  9356 | D:9      | Killed a flayed ghost
  9525 | D:9      | Killed a fire giant
  9525 | D:9      | Received a gift from Trog
  9716 | D:10     | Entered Level 10 of the Dungeon
 10001 | D:10     | Received a gift from Trog
 10177 | D:10     | Noticed a two-headed ogre
 10190 | D:10     | Killed a two-headed ogre
 10335 | D:10     | Noticed an orc sorcerer
 10336 | D:10     | Found a staircase to the Orcish Mines.
 10340 | D:10     | Noticed a sun demon
 10347 | D:10     | Paralysed by an orc sorcerer for 5 turns
 10350 | D:10     | Slain by an ice devil

Skill      XL: |  1  2  3  4  5  6  7  8  9 10 11 |
---------------+----------------------------------+-----
Fighting       | 4 5 7 8 10 11 12 | 12.6
Axes           | 4 5 7 9 10 11 12 | 12.7
Armour         | 3 4 6 8 10 11 12 | 12.4
Dodging        | 4 6 8 |  8.8

Action                   |  1- 3 |  4- 6 |  7- 9 | 10-12 || total
-------------------------+-------+-------+-------+-------++-------
Melee: Hand axe          |    83 |   118 |   243 |   160 ||   604
       Headbutt          |    10 |    30 |    57 |    78 ||   175
       Broad axe         |       |       |       |   167 ||   167
Invok: Berserk           |       |     3 |     6 |    11 ||    20
       Burn Spellbooks   |       |       |     1 |     1 ||     2
  Use: Scroll            |       |       |    14 |     3 ||    17
       Potion            |       |       |       |     2 ||     2
  Eat: Chunk             |     1 |     6 |    15 |    11 ||    33
       Ration            |       |       |     1 |     4 ||     5
Armor: Animal skin       |    14 |       |       |       ||    14
       Leather armour    |     8 |    10 |    24 |    50 ||    92
       Scale mail        |       |    15 |    37 |       ||    52
Dodge: Dodged            |    57 |    50 |   115 |   146 ||   368
Block: Shield            |     3 |    32 |    95 |   114 ||   244
